 Dungeon Crawl Stone Soup version 0.22-a0-433-gd2a9cce (webtiles) character file.

5366 Gorglomux the Fighter (level 10, -3/92 (93) HPs)
             Began as a Minotaur Abyssal Knight on May 27, 2018.
             Was a Priest of Lugonu.
             Slain by a flayed ghost (21 damage)
             ... on level 8 of the Dungeon.
             The game lasted 00:07:31 (8719 turns).

Gorglomux the Fighter (Minotaur Abyssal Knight)     Turns: 8719, Time: 00:07:32

HP:   -3/92 (93)    AC: 14    Str: 18    XL:     10   Next: 39%
MP:   15/15         EV:  7    Int:  9    God:    Lugonu [***...]
Gold: 355           SH:  0    Dex: 12    Spells: 9/9 levels left

rFire    . . .     SeeInvis .   o - +0 war axe
rCold    . . .     Gourm    .   (no shield)
rNeg     . . .     Faith    .   m - +0 plate armour
rPois    .         Spirit   .   (helmet restricted)
rElec    .         Reflect  .   (no cloak)
rCorr    .         Harm     .   (no gloves)
MR       .....                  (no boots)
Stlth    ..........             (no amulet)
HPRegen  0.25/turn              (no ring)
MPRegen  0.14/turn              (no ring)

@: flayed
A: retaliatory headbutt, horns 2
a: Depart the Abyss, Bend Space, Banish, Renounce Religion


You were on level 8 of the Dungeon.
You worshipped Lugonu.
Lugonu was most pleased with you.
You were near starving.

You visited 2 branches of the dungeon, and saw 9 of its levels.
You visited the Abyss 1 time.

You collected 589 gold pieces.
You spent 234 gold pieces at shops.

Inventory:

Hand Weapons
 o - a +0 war axe (weapon)
Armour
 m - a +0 plate armour (worn)
Jewellery
 w - a +2 amulet of reflection {unknown}
Wands
 P - a wand of paralysis (11)
Scrolls
 h - 6 scrolls of teleportation {unknown}
 i - 2 scrolls of amnesia {unknown}
 k - 5 scrolls of identify {unknown}
 l - 3 scrolls of noise {unknown}
 r - a scroll of random uselessness {unknown}
 s - 7 scrolls of remove curse {unknown}
 v - 2 scrolls of immolation {unknown}
 y - 3 scrolls of fog {unknown}
 A - a scroll of enchant armour {unknown}
 R - a scroll of silence {unknown}
 U - a scroll of blinking {unknown}
 X - a scroll of magic mapping {unknown}
Potions
 d - a potion of resistance {unknown}
 g - a potion of invisibility {unknown}
 j - 3 potions of lignification {unknown}
 n - 3 potions of heal wounds {unknown}
 q - 2 potions of degeneration {unknown}
 u - 3 potions of flight {unknown}
 B - a potion of brilliance {unknown}
 Q - 5 potions of curing
 S - a potion of magic {unknown}
 V - a potion of mutation {unknown}
 Y - a potion of agility {unknown}
Comestibles
 c - 15 rations


   Skills:
 + Level 9.9 Fighting
 + Level 9.6 Axes
 + Level 9.5 Armour
 - Level 1.9 Dodging
 - Level 8.0 Invocations


You had 9 spell levels left.
You didn't know any spells.
Your spell library was empty.

Dungeon Overview and Level Annotations

Branches:
Dungeon (8/15)             Temple (1/1) D:5
   Lair: D:8-11

Altars:
Ashenzari
Cheibriados
Dithmenos
Elyvilon
Fedhas
Gozag
Hepliaklqana
Kikubaaqudgha
Makhleb
Nemelex Xobeh
Okawaru
Qazlal
Ru
Sif Muna
Trog
Uskayaw
Vehumet
Wu Jian
Xom
Yredelemnul
Zin
The Shining One

Shops:
D:5 (}[%

Annotations:
D:4 1 exclusion
Abyss:1 Edmund, Menkaure


Innate Abilities, Weirdness & Mutations

You reflexively headbutt those who attack you in melee.
You have a pair of horns on your head.


Message History

The flayed ghost is moderately damaged!
The flayed ghost hits you!
You are too injured to fight recklessly!!!
You chop the flayed ghost into pieces!!!
The flayed ghost is heavily damaged!
The flayed ghost barely misses you!
You miss the flayed ghost!
The flayed ghost is heavily damaged!
The flayed ghost cries, "Suffer as I suffered!!!"
You open the flayed ghost like a pillowcase!
The flayed ghost is severely damaged!
The flayed ghost hits you!!!!!! * * * don't die
* * * You closely miss the flayed ghost!
The flayed ghost is heavily damaged!
The flayed ghost cries, "Butt what I felt!!!"
You completely miss the flayed ghost!
The flayed ghost is heavily butt!
The flayed ghost hits you!!!!!! rip

##...##.##..###...###..##.##...##
#.....###..##.......##..###.....#
#.._...'....+..._...'....'...⌠..#
#.....###..##.......##..###.....#
##...##.##..###...###..##.##...##
######[..'#..###'###..#'...#####
.#####...###.........###._.#
....##...###'##8.8##'###...#
.##.###.###...##@##...###.######
..#..#####..⌠..#W#.._..#####...#
..##....###...##.##...## #.#.#
..#####..######=::##########.#.#
..######....#########..>.....#.#
...............................#
#.#####################.########
#.# #..# #.# #.##


You could see a flayed ghost.

Vanquished Creatures
  The ghost of Tovarisch the Thaumaturge, a novice OpWz of Vehumet (D:6)
  The ghost of Tovarisch the Thaumaturge, a novice DEWz (D:7)
  2 shadows (D:8)
  A wraith (D:8)
  Eustachio (D:5)
  2 fire bats (D:8)
  2 water moccasins
  2 sky beasts
  2 ice beasts
  A phantom (D:7)
  A necrophage (D:7)
  2 ogres
  3 centaurs
  4 bullfrogs
  A big kobold (D:7)
  A wyvern skeleton (D:6)
  A water moccasin zombie (D:8)
  3 scorpions
  3 wights (D:6)
  3 howler monkeys (D:8)
  3 crimson imps
  A bullfrog zombie (D:6)
  A hound (D:8)
  2 orc priests
  A gnoll shaman (D:5)
  3 bullfrog skeletons
  An iguana (D:8)
  6 orc wizards
  4 worker ants
  2 hound skeletons
  Robin (D:2)
  5 gnolls
  13 adders
  A shadow imp (D:7)
  An adder skeleton (D:5)
  5 worms
  3 dart slugs
  6 leopard geckos
  20 orcs
  10 giant cockroaches
  29 goblins
  15 hobgoblins
  5 jackals
  13 kobolds
  7 quokkas
  A ball python (D:4)
  18 bats
  9 frilled lizards
  2 quokka zombies
  6 rats
231 creatures vanquished.

Vanquished Creatures (others)
  The ghost of Gorglomux the Skirmisher, a novice MiAK of Lugonu (D:8)
  A hornet (D:6)
  2 wraiths (D:8)
  2 orc warriors (D:8)
6 creatures vanquished.

Grand Total: 237 creatures vanquished

Notes
Turn   | Place    | Note
-------+----------+-------------------------------------------
     0 | Abyss:1  | Gorglomux the Minotaur Abyssal Knight began the quest for the Orb.
     0 | Abyss:1  | Reached XP level 1. HP: 19/19 MP: 1/1
     9 | D:1      | Escaped the Abyss
    76 | D:1      | Reached XP level 2. HP: 24/27 MP: 2/2
   145 | D:1      | Reached ** piety under Lugonu
   146 | D:1      | Reached XP level 3. HP: 14/33 MP: 3/3
   371 | D:1      | Reached skill level 3 in Axes
   403 | D:1      | Reached skill level 3 in Armour
   708 | D:2      | Reached XP level 4. HP: 35/40 MP: 4/4
  1046 | D:2      | Noticed Robin
  1052 | D:2      | Reached *** piety under Lugonu
  1319 | D:2      | Killed Robin
  1348 | D:2      | Reached XP level 5. HP: 38/47 MP: 6/6
  1598 | D:2      | Noticed a sky beast
  1631 | D:2      | Killed a sky beast
  1631 | D:2      | Reached skill level 3 in Invocations
  1851 | D:3      | Reached XP level 6. HP: 56/56 MP: 7/7
  2444 | D:3      | Reached **** piety under Lugonu
  2812 | D:4      | Noticed Menkaure
  2819 | D:4      | Banished Menkaure
  3051 | D:4      | Reached XP level 7. HP: 28/62 MP: 7/9
  4056 | D:4      | Noticed Edmund
  4057 | D:4      | Banished Edmund
  4057 | D:4      | Reached skill level 6 in Fighting
  4158 | D:5      | Entered Level 5 of the Dungeon
  4474 | D:5      | Noticed Eustachio
  4500 | D:5      | Killed Eustachio
  4500 | D:5      | Reached skill level 6 in Axes
  4500 | D:5      | Reached XP level 8. HP: 61/71 MP: 10/10
  4516 | D:5      | Found Istruhues's Food Emporium.
  4549 | D:5      | Found Xachen's Gadget Shop.
  4556 | D:5      | Bought a wand of paralysis (11) for 143 gold pieces
  4567 | D:5      | Found Noxoutz's Antique Weapon Boutique.
  4582 | D:5      | Bought a war axe for 91 gold pieces
  4594 | D:5      | Found a staircase to the Ecumenical Temple.
  4603 | D:5      | Reached skill level 6 in Armour
  4810 | D:5      | Found Xute's Antique Armour Shoppe.
  4919 | Temple   | Entered the Ecumenical Temple
  5288 | D:6      | Noticed Tovarisch's ghost (novice OpWz)
  5405 | D:6      | Killed Tovarisch's ghost
  5464 | D:6      | Reached skill level 6 in Invocations
  5507 | D:6      | Reached XP level 9. HP: 55/81 MP: 12/12
  5641 | D:6      | Paralysed by a hornet for 3 turns
  6168 | D:6      | Found a basalt altar of Yredelemnul.
  6633 | D:7      | Found a radiant altar of Vehumet.
  6640 | D:7      | Noticed Tovarisch's ghost (novice DEWz)
  6699 | D:7      | Killed Tovarisch's ghost
  6849 | D:7      | Reached skill level 9 in Fighting
  6858 | D:7      | Reached ***** piety under Lugonu
  7512 | D:8      | Reached skill level 9 in Axes
  7512 | D:8      | Reached XP level 10. HP: 88/90 MP: 14/14
  7720 | D:8      | Reached skill level 9 in Armour
  8019 | D:8      | Found a deep blue altar of Sif Muna.
  8027 | D:8      | Noticed Gorglomux's ghost (novice MiAK)
  8052 | D:8      | Found a runed door.
  8057 | D:8      | Found an ornate altar of the Wu Jian Council.
  8066 | D:8      | Banished Gorglomux's ghost
  8067 | D:8      | Found an iron altar of Okawaru.
  8094 | D:8      | Found a sparkling altar of Nemelex Xobeh.
  8113 | D:8      | Found a shattered altar of Ashenzari.
  8428 | D:8      | Found a shattered altar of Ashenzari.
  8709 | D:8      | Noticed a flayed ghost
  8719 | D:8      | Slain by a flayed ghost

Vault maps used:
D:1:      dpeg_arrival_pits
D:2:      minmay_pentomino_z2, uniq_robin
D:3:      first_ration, hex_tiny
D:4:      minmay_goblin_outpost, uniq_menkaure, uniq_edmund
D:5:      minmay_temple_entry_purple_smoke, serial_shops, nicolae_shop_trees,
          shop_fountains, nicolae_shop_crystal, shop, uniq_eustachio
D:6:      basic_altar
D:7:      overflow_temple_1_default, kennysheep_generic_room_12
D:8:      due_megacathedral
Temple:   regret_index_temple_sigil_plot
Abyss:1:  hangedman_abyss_river_spirits

Skill      XL: |  1  2  3  4  5  6  7  8  9 10 |
---------------+-------------------------------+-----
Invocations    | 2 3 4 6 7 8 |  8.0
Fighting       | 4 5 6 7 9 |  9.9
Axes           | 3 4 6 7 9 |  9.6
Armour         | 3 4 5 7 8 9 |  9.5
Dodging        | |  1.9

Action                   |  1- 3 |  4- 6 |  7- 9 | 10-12 || total
-------------------------+-------+-------+-------+-------++-------
Melee: Hand axe          |    78 |   217 |   105 |       ||   400
       Headbutt          |    16 |    25 |    80 |    15 ||   136
       War axe           |       |       |   269 |   144 ||   413
Invok: Banish            |       |     1 |     2 |     9 ||    12
       Bend Space        |       |       |     1 |       ||     1
  Use: Potion            |       |       |     1 |       ||     1
  Eat: Chunk             |       |     7 |    16 |     5 ||    28
Armor: Leather armour    |    19 |       |       |       ||    19
       Plate armour      |    11 |   159 |   268 |   113 ||   551
Dodge: Dodged            |    69 |    57 |   122 |    62 ||   310

Table legend:
 A = Spawn XP
 B = Non-spawn XP
 C = Spawn XP percentage of total XP
 D = Spawn monster count
 E = Non-spawn monster count
 F = Spawn count percentage of total count
 G = Total turns spent on level
                    A         B        C        D         E        F      G
               +---------+---------+-------+---------+---------+-------+---------
         Total |       0 |    7666 |   0.0 |       0 |     239 |   0.0 |  8719
               +---------+---------+-------+---------+---------+-------+---------
           D:1 |       0 |      81 |   0.0 |       0 |      33 |   0.0 |   795
           D:2 |       0 |     277 |   0.0 |       0 |      38 |   0.0 |   956
           D:3 |       0 |      60 |   0.0 |       0 |      24 |   0.0 |   781
           D:4 |       0 |     619 |   0.0 |       0 |      22 |   0.0 |  1812
           D:5 |       0 |     651 |   0.0 |       0 |      22 |   0.0 |   631
           D:6 |       0 |    1663 |   0.0 |       0 |      20 |   0.0 |  1050
           D:7 |       0 |    1737 |   0.0 |       0 |      41 |   0.0 |   992
           D:8 |       0 |    2578 |   0.0 |       0 |      39 |   0.0 |  1435
               +---------+---------+-------+---------+---------+-------+---------
